 Dungeon Crawl Stone Soup version 0.26.0-10-g1f06aea511 (webtiles) character file.

Game seed: 14515732962891888285

23688 tsouns the Thaumaturge (level 13, -7/147 HPs)
             Began as a Gnoll Venom Mage on Jan 14, 2021.
             Was a High Priest of Lugonu.
             Mangled by a death yak (14 damage)
             ... on level 4 of the Lair of Beasts.
             The game lasted 00:33:07 (14563 turns).

tsouns the Thaumaturge (Gnoll Venom Mage)          Turns: 14563, Time: 00:33:07

Health: -7/147     AC: 13    Str: 16    XL:     13   Next: 8%
Magic:  16/26      EV: 21    Int: 27    God:    Lugonu [*****.]
Gold:   703        SH: 12    Dex: 22    Spells: 17/30 levels left

rFire    x . .     SeeInvis .   y - +7 broad axe of Vemel {freeze, Fragile rElec rF- Int+4}
rCold    . . .     Faith    .   B - +0 buckler
rNeg     . . .     Spirit   .   G - +0 steam dragon scales
rPois    .         Reflect  +   n - +1 helmet
rElec    +         Harm     .   g - +1 cloak
rCorr    .         Rampage  .   e - +1 pair of gloves
Will     .....                  (no boots)
Stlth    ..........             C - amulet of reflection
HPRegen  0.34/turn              r - +6 ring of dexterity
MPRegen  0.20/turn              E - +6 ring of strength

@: berserking, very quick
A: distributed training, fangs 1, strong nose
a: Renounce Religion, Depart the Abyss, Bend Space, Banish, Corrupt, Enter the
Abyss


You were on level 4 of the Lair of Beasts.
You worshipped Lugonu.
Lugonu was extremely pleased with you.
You visited 4 branches of the dungeon, and saw 14 of its levels.

You collected 1000 gold pieces.
You spent 297 gold pieces at shops.

Inventory:

Hand Weapons
 y - the +7 broad axe of Vemel (weapon) {freeze, Fragile rElec rF- Int+4}
   (You bought it in a shop on level 5 of the Dungeon)

   It has been specially enchanted to freeze those struck by it, causing extra
   injury to most foes and up to half again as much damage against particularly
   susceptible opponents.
   It can also slow down cold-blooded creatures.
   It affects your intelligence (+4).
   It makes you vulnerable to fire.
   It insulates you from electricity.
   It will be destroyed if unequipped.
Armour
 e - a +1 pair of gloves (worn)
 g - a +1 cloak (worn)
 n - a +1 helmet (worn)
 x - a +2 leather armour of poison resistance
 B - a +0 buckler (worn)
 G - +0 steam dragon scales (worn)
Jewellery
 r - a +6 ring of dexterity (left hand)
 s - an uncursed ring of resist corrosion
 v - an uncursed ring of fire
 C - an amulet of reflection (around neck)
 E - a +6 ring of strength (right hand)
 F - a cursed ring of ice
 I - an uncursed ring of wizardry
 K - an uncursed amulet of magic regeneration
 L - an uncursed amulet of the acrobat {unknown}
Wands
 a - a wand of disintegration (13)
 d - a wand of iceblast (3)
 D - a wand of random effects (17)
 J - a wand of polymorph (5)
Scrolls
 j - 7 scrolls of remove curse
 l - a scroll of teleportation
 m - 2 scrolls of enchant weapon
 p - a scroll of fog
 q - 5 scrolls of amnesia
Potions
 b - 3 potions of lignification
 c - 3 potions of brilliance
 f - a potion of degeneration
 h - 6 potions of attraction
 i - 3 potions of heal wounds
 k - a potion of magic
 t - 2 potions of might
 u - a potion of mutation {unknown}
 w - 7 potions of curing
 z - 3 potions of cancellation
 A - a potion of flight {unknown}
Miscellaneous
 H - a condenser vane


   Skills:
 + Level 7.9 Fighting
 + Level 7.9 Short Blades
 + Level 7.9 Long Blades
 + Level 7.9 Axes
 + Level 7.9 Maces & Flails
 + Level 7.9 Polearms
 + Level 7.9 Staves
 + Level 7.9 Slings
 + Level 7.9 Bows
 + Level 7.9 Crossbows
 + Level 7.9 Throwing
 + Level 7.9 Armour
 + Level 9.2 Dodging
 + Level 9.0 Stealth
 + Level 7.9 Shields
 + Level 7.9 Unarmed Combat
 + Level 9.4 Spellcasting
 + Level 6.6 Conjurations
 + Level 6.6 Hexes
 + Level 6.6 Summonings
 + Level 6.6 Necromancy
 + Level 6.6 Translocations
 + Level 7.0 Transmutations
 + Level 6.6 Fire Magic
 + Level 6.6 Ice Magic
 + Level 6.6 Air Magic
 + Level 6.6 Earth Magic
 + Level 8.7 Poison Magic
 + Level 8.7 Invocations
 + Level 7.9 Evocations


You had 17 spell levels left.
You knew the following spells:

 Your Spells              Type           Power        Failure   Level
a - Sting                 Tmut/Pois      100%         1%          1
b - Poisonous Vapours     Pois/Air       100%         1%          2
c - Mephitic Cloud        Conj/Pois/Air  51%          1%          3
d - Ignite Poison         Fire/Tmut/Pois 52%          1%          3
e - Olgreb's Toxic Radia  Pois           56%          1%          4

Your spell library contained the following spells:

 Spells                   Type           Power        Failure   Level
 Blink                    Tloc           N/A          1%          2
 Gell's Gravitas          Tloc           24%          1%          3
 Lesser Beckoning         Tloc           24%          1%          3
 Teleport Other           Tloc           48%          1%          3
 Passage of Golubria      Tloc           N/A          3%          4


Dungeon Overview and Level Annotations

Branches:
Dungeon (8/15)             Temple (1/1) D:5            Lair (4/6) D:8
  Swamp (1/4) Lair:3        Snake (0/4) Lair:2

Altars:
Ashenzari
Cheibriados
Dithmenos
Elyvilon
Fedhas
Gozag
Hepliaklqana
Kikubaaqudgha
Makhleb
Nemelex Xobeh
Okawaru
Qazlal
Ru
Sif Muna
Uskayaw
Vehumet
Wu Jian
Xom
Yredelemnul
Zin
The Shining One
Lugonu

Shops:
D:5 *   D:7 =   D:8 *

Annotations:
D:7 2 transporters, Nattefrost's ghost, novice DrGl


Innate Abilities, Weirdness & Mutations

Your experience applies equally to all skills.
You have very sharp teeth.
Your uncanny sense of smell can sniff out nearby items.


Message History

Confirm with . or Enter, or press ? or * to list all spells.
You ignite the poison in your surroundings!
The death yak seems to burn from within!
The death yak is heavily wounded.
The death yak seems to burn from within!!
The death yak is almost dead.
The death yak gores you!
* * * LOW HITPOINT WARNING * * *
Unknown command.
A red film seems to cover your vision as you go berserk!
You feel yourself moving faster!
You feel mighty! The death yak gores you.
* * * LOW HITPOINT WARNING * * *
You slash the death yak! You freeze the death yak.
The death yak is severely wounded.
The death yak gores you!
* * * LOW HITPOINT WARNING * * *
You completely miss the death yak. You bite the death yak.
The death yak is severely wounded.
The death yak gores you!
You die...

#..###......#P.........###.#####.
.......................###+...##.
.................................
.................................
.................................
...........).......÷.............
.................................
.+#P#............................
P.####....##.#+#@#P.......####...
..###....###.P.#Y##....#### ...
...##...........Y.#.....# ..
...#.#............#......#
P..###...##.......#....P## .P##
#....#.............# ###
#...##..#.##......##
######...#####†####.....
....†..........†.......#


You could see 2 death yaks.

Vanquished Creatures
  Fannar (Lair:3)
  2 hydras
  4 death yaks (Lair:4)
  A bog body (Lair:3)
  6 elephants (Lair:4)
  2 black mambas (Lair:4)
  5 cane toads
  A rime drake (Lair:2)
  2 komodo dragons
  Grinder (D:6)
  10 blink frogs
  29 yaks
  Sigmund (D:2)
  Eustachio (D:5)
  2 basilisks
  A wyvern (Lair:3)
  A steam dragon (Lair:3)
  3 swamp worms (Lair:3)
  4 nagas (Lair:2)
  11 water moccasins
  6 ice beasts
  2 sky beasts
  3 orc warriors
  2 phantoms
  4 black bears
  10 wolves
  3 ogres
  A centaur (D:8)
  15 bullfrogs
  A scorpion (D:4)
  5 wights (D:6)
  2 electric eels (Lair:3)
  4 howler monkeys
  A crimson imp (D:5)
  A centaur zombie (D:8)
  2 jellies
  A bullfrog skeleton (D:7)
  5 orc wizards
  An iguana (D:7)
  5 worker ants
  A hound skeleton (D:8)
  A worker ant zombie (D:7)
  Robin (D:2)
  7 gnolls
  8 adders
  A howler monkey skeleton (D:7)
  A shadow imp (D:8)
  An adder skeleton (D:4)
  8 worms
  A dart slug (D:3)
  9 leopard geckos
  18 orcs
  9 giant cockroaches
  15 goblins
  16 hobgoblins
  7 jackals
  4 quokkas
  3 ball pythons
  6 bats
  3 frilled lizards
  2 jackal skeletons (D:5)
  3 kobolds
  A leopard gecko skeleton (D:6)
  7 rats
295 creatures vanquished.

Vanquished Creatures (others)
  17 fungi
  20 plants
37 creatures vanquished.

Grand Total: 332 creatures vanquished

Notes
Turn   | Place    | Note
-------+----------+-------------------------------------------
     0 | D:1      | tsouns the Gnoll Venom Mage began the quest for the Orb.
     0 | D:1      | Reached XP level 1. HP: 13/13 MP: 6/6
   140 | D:1      | Reached XP level 2. HP: 19/19 MP: 2/7
   368 | D:1      | Learned a level 2 spell: Poisonous Vapours
   623 | D:1      | Reached XP level 3. HP: 21/25 MP: 3/9
   749 | D:1      | Reached skill level 5 in Spellcasting
  1180 | D:2      | Noticed Robin
  1200 | D:2      | Reached skill level 1 in Invocations
  1265 | D:2      | Killed Robin
  1266 | D:2      | Reached skill level 1 in Fighting
  1266 | D:2      | Reached skill level 1 in Short Blades
  1266 | D:2      | Reached skill level 1 in Long Blades
  1266 | D:2      | Reached skill level 1 in Axes
  1266 | D:2      | Reached skill level 1 in Maces & Flails
  1266 | D:2      | Reached skill level 1 in Polearms
  1266 | D:2      | Reached skill level 1 in Staves
  1266 | D:2      | Reached skill level 1 in Slings
  1266 | D:2      | Reached skill level 1 in Bows
  1266 | D:2      | Reached skill level 1 in Crossbows
  1266 | D:2      | Reached skill level 1 in Throwing
  1266 | D:2      | Reached skill level 1 in Armour
  1266 | D:2      | Reached skill level 1 in Shields
  1266 | D:2      | Reached skill level 1 in Unarmed Combat
  1266 | D:2      | Reached skill level 1 in Evocations
  1354 | D:2      | Reached XP level 4. HP: 14/32 MP: 3/11
  1596 | D:2      | Reached skill level 1 in Conjurations
  1596 | D:2      | Reached skill level 1 in Hexes
  1596 | D:2      | Reached skill level 1 in Summonings
  1596 | D:2      | Reached skill level 1 in Necromancy
  1596 | D:2      | Reached skill level 1 in Translocations
  1596 | D:2      | Reached skill level 1 in Fire Magic
  1596 | D:2      | Reached skill level 1 in Ice Magic
  1596 | D:2      | Reached skill level 1 in Air Magic
  1596 | D:2      | Reached skill level 1 in Earth Magic
  2083 | D:2      | Noticed Sigmund
  2111 | D:2      | Killed Sigmund
  2112 | D:2      | Reached XP level 5. HP: 10/38 MP: 4/12
  2112 | D:2      | Reached XP level 6. HP: 12/44 MP: 4/13
  2890 | D:3      | Reached skill level 5 in Dodging
  3221 | D:3      | Learned a level 3 spell: Mephitic Cloud
  3225 | D:3      | Learned a level 3 spell: Ignite Poison
  3230 | D:3      | Learned a level 4 spell: Olgreb's Toxic Radiance
  3996 | D:4      | Reached XP level 7. HP: 50/50 MP: 15/15
  4041 | D:4      | You fall into a shaft and drop 2 floors!
  4053 | D:6      | Noticed Grinder
  4055 | D:5      | Entered Level 5 of the Dungeon
  4060 | D:5      | Noticed Eustachio
  4061 | D:5      | Found a shimmering altar of Xom.
  4089 | D:5      | Reached skill level 5 in Stealth
  4099 | D:5      | Killed Eustachio
  4294 | D:5      | Found a broken altar of Ashenzari.
  4348 | D:4      | Reached XP level 8. HP: 57/57 MP: 9/16
  4946 | D:5      | Found a hide-covered altar of Uskayaw.
  5054 | D:5      | Found an ornate altar of the Wu Jian Council.
  5164 | D:5      | Found a staircase to the Ecumenical Temple.
  5191 | Temple   | Entered the Ecumenical Temple
  5347 | Temple   | Became a worshipper of Lugonu the Unformed
  5347 | Temple   | Reached * piety under Lugonu
  5374 | D:5      | Found an opulent altar of Gozag.
  5375 | D:5      | Found a stormy altar of Qazlal.
  5388 | D:5      | Found a shimmering altar of Xom.
  5389 | D:5      | Found a burning altar of Makhleb.
  5486 | D:5      | Found Gimp's Assorted Antiques.
  5495 | D:5      | Bought a steaming broad axe for 216 gold pieces
  5495 | D:5      | Bought a scroll of identify for 48 gold pieces
  5495 | D:5      | Identified the +7 broad axe of Vemel {freeze, Fragile rElec
                  | rF- Int+4} (You bought it in a shop on level 5 of the
                  | Dungeon)
  6097 | D:6      | Reached ** piety under Lugonu
  6098 | D:6      | Reached XP level 9. HP: 39/65 MP: 18/18
  6237 | D:6      | Paralysed by Grinder for 5 turns
  6244 | D:6      | Killed Grinder
  6806 | D:7      | Found an iron altar of Okawaru.
  6867 | D:7      | Found a transporter.
  6873 | D:7      | Noticed Nattefrost's ghost (novice DrGl)
  6884 | D:7      | Found a transporter.
  6942 | D:7      | Reached skill level 5 in Invocations
  7011 | D:7      | Found Odgheery's Jewellery Boutique.
  7314 | D:7      | Found a white marble altar of Elyvilon.
  7440 | D:7      | Found a blossoming altar of Fedhas.
  7603 | D:8      | Reached XP level 10. HP: 68/73 MP: 20/20
  7623 | D:8      | Found a staircase to the Lair.
  7706 | D:8      | Found Roessucku's General Store.
  7714 | D:8      | Reached skill level 5 in Fighting
  7714 | D:8      | Reached skill level 5 in Short Blades
  7714 | D:8      | Reached skill level 5 in Long Blades
  7714 | D:8      | Reached skill level 5 in Axes
  7714 | D:8      | Reached skill level 5 in Maces & Flails
  7714 | D:8      | Reached skill level 5 in Polearms
  7714 | D:8      | Reached skill level 5 in Staves
  7714 | D:8      | Reached skill level 5 in Slings
  7714 | D:8      | Reached skill level 5 in Bows
  7714 | D:8      | Reached skill level 5 in Crossbows
  7714 | D:8      | Reached skill level 5 in Throwing
  7714 | D:8      | Reached skill level 5 in Armour
  7714 | D:8      | Reached skill level 5 in Shields
  7714 | D:8      | Reached skill level 5 in Unarmed Combat
  7714 | D:8      | Reached skill level 5 in Evocations
  7717 | D:8      | Bought a potion of curing for 33 gold pieces
  7778 | D:8      | Found a shadowy altar of Dithmenos.
  7779 | D:8      | Found a hazy altar of Hepliaklqana.
  7823 | D:8      | Found a glowing golden altar of the Shining One.
  7901 | D:8      | Reached *** piety under Lugonu
  8138 | Lair:1   | Entered Level 1 of the Lair of Beasts
  8138 | Lair:1   | Noticed a cane toad
  8145 | Lair:1   | Killed a cane toad
  8416 | Lair:1   | Reached skill level 5 in Transmutations
  8626 | Lair:1   | Noticed a cane toad
  8943 | Lair:1   | Reached XP level 11. HP: 70/81 MP: 5/22
  9604 | Lair:2   | Reached skill level 5 in Conjurations
  9604 | Lair:2   | Reached skill level 5 in Hexes
  9604 | Lair:2   | Reached skill level 5 in Summonings
  9604 | Lair:2   | Reached skill level 5 in Necromancy
  9604 | Lair:2   | Reached skill level 5 in Translocations
  9604 | Lair:2   | Reached skill level 5 in Fire Magic
  9604 | Lair:2   | Reached skill level 5 in Ice Magic
  9604 | Lair:2   | Reached skill level 5 in Air Magic
  9604 | Lair:2   | Reached skill level 5 in Earth Magic
 10032 | Lair:2   | Found a staircase to the Snake Pit.
 10797 | Lair:3   | Got a distressingly furry ring mail
 10808 | Lair:3   | Identified the +1 ring mail "Caxzyche" {*Slow rCorr Int+4
                  | SInv} (You found it on level 3 of the Lair of Beasts)
 11005 | Lair:3   | HP: 1/81 [swamp worm/harpoon shot (14)]
 11010 | Lair:3   | Noticed Fannar
 11264 | Lair:3   | Killed Fannar
 11997 | Lair:3   | Reached **** piety under Lugonu
 12069 | Lair:3   | Reached XP level 12. HP: 68/89 MP: 18/24
 12320 | Lair:3   | Noticed a five-headed hydra
 12326 | Lair:3   | Killed a five-headed hydra
 12579 | Lair:3   | Found a staircase to the Swamp.
 13088 | Swamp:1  | Entered Level 1 of the Swamp
 13319 | Lair:4   | Noticed an eight-headed hydra
 13327 | Lair:4   | Killed an eight-headed hydra
 13708 | Lair:4   | Reached ***** piety under Lugonu
 14533 | Lair:4   | Noticed a death yak
 14533 | Lair:4   | Noticed a death yak
 14533 | Lair:4   | Noticed a death yak
 14534 | Lair:4   | Noticed a death yak
 14535 | Lair:4   | Noticed a death yak
 14535 | Lair:4   | Noticed a death yak
 14545 | Lair:4   | Killed a death yak
 14546 | Lair:4   | Killed a death yak
 14547 | Lair:4   | Reached XP level 13. HP: 59/98 MP: 15/26
 14562 | Lair:4   | HP: 7/147 [death yak (15)]
 14563 | Lair:4   | Mangled by a death yak

Illustrated notes

Levels and vault maps discovered:
D:1:      amcnicky_arrival_blooded_trapdoor, layout_loops_ring, minivault_23,
          minmay_pentomino_p4
D:2:      layout_basic, uniq_robin, uniq_sigmund
D:3:      layout_loops_ring
D:4:      layout_basic
D:5:      layout_loops_ring, grunt_temple_overflow_champion_of_chaos,
          evilmike_ruin_ashenzari, old_standard_altar, marbit_many_paths,
          chequers_temple_overflow_statue_of_worship, minmay_temple_entry_glass,
          serial_shops, nicolae_shop_overgrown_old_shop, hangedman_decor_push,
          xom_teletrap_fun, uniq_eustachio
D:6:      layout_cave_pools, kennysheep_small_circle, uniq_grinder
D:7:      layout_cave_pools, general_overflow_altar, elyvilon_altar_3,
          gammafunk_ghost_stat_death, basic_altar, serial_shops,
          nicolae_shop_statue_plus
D:8:      layout_cave_pools, riverfiend_overflow_shadow_ancestor,
          kennysheep_little_box, grunt_lair_entry_orc_guard_hut, serial_shops,
          shop_fountains
Temple:   corrupted_temple
Lair:1:   layout_regular_city, lemuel_old_faithful
Lair:2:   layout_cave_shapes, minmay_snake_entry_guardpost_small,
          chequers_serial_rivers_large_a
Lair:3:   layout_layer_cave, nicolae_swamp_entry_splash_gauntlet,
          nicolae_quartered_pool_little, uniq_fannar
Lair:4:   layout_regular_city, grunt_megastairs_3
Swamp:1:  layout_falls_marsh, evilmike_swamp_ruin_rubble_1, swamp_pool1,
          nicolae_swamp_orc_logging_accident

Skill      XL: |  1  2  3  4  5  6  7  8  9 10 11 12 13 |
---------------+----------------------------------------+-----
Transmutations | 2 3 4 5 6 7 |  7.0
Spellcasting   | 5 6 7 8 9 |  9.4
Invocations    | 1 2 3 4 5 6 7 8 |  8.7
Fighting       | 1 2 3 4 5 6 7 |  7.9
Short Blades   | 1 2 3 4 5 6 7 |  7.9
Long Blades    | 1 2 3 4 5 6 7 |  7.9
Axes           | 1 2 3 4 5 6 7 |  7.9
Maces & Flails | 1 2 3 4 5 6 7 |  7.9
Polearms       | 1 2 3 4 5 6 7 |  7.9
Staves         | 1 2 3 4 5 6 7 |  7.9
Slings         | 1 2 3 4 5 6 7 |  7.9
Bows           | 1 2 3 4 5 6 7 |  7.9
Crossbows      | 1 2 3 4 5 6 7 |  7.9
Throwing       | 1 2 3 4 5 6 7 |  7.9
Armour         | 1 2 3 4 5 6 7 |  7.9
Shields        | 1 2 3 4 5 6 7 |  7.9
Unarmed Combat | 1 2 3 4 5 6 7 |  7.9
Evocations     | 1 2 3 4 5 6 7 |  7.9
Conjurations   | 1 2 3 4 5 6 |  6.6
Hexes          | 1 2 3 4 5 6 |  6.6
Summonings     | 1 2 3 4 5 6 |  6.6
Necromancy     | 1 2 3 4 5 6 |  6.6
Translocations | 1 2 3 4 5 6 |  6.6
Fire Magic     | 1 2 3 4 5 6 |  6.6
Ice Magic      | 1 2 3 4 5 6 |  6.6
Air Magic      | 1 2 3 4 5 6 |  6.6
Earth Magic    | 1 2 3 4 5 6 |  6.6
Dodging        | 5 6 7 8 9 |  9.2
Stealth        | 5 6 7 8 9 |  9.0
Poison Magic   | 6 7 8 |  8.7

Action                   |  1- 3 |  4- 6 |  7- 9 | 10-12 | 13-15 || total
-------------------------+-------+-------+-------+-------+-------++-------
Melee: Short sword       |    17 |       |       |       |       ||    17
       Bite              |     1 |     6 |    19 |    42 |     1 ||    69
       Dagger            |     9 |    25 |       |       |       ||    34
       Mace              |       |    37 |    42 |       |       ||    79
       Scythe            |       |    26 |    41 |       |       ||    67
       Broad axe         |       |       |   122 |   295 |     9 ||   426
       Punch             |       |       |     3 |     3 |       ||     6
 Cast: Sting             |    25 |    17 |     5 |    24 |       ||    71
       Poisonous Vapours |    22 |    40 |    14 |    36 |       ||   112
       Mephitic Cloud    |       |       |     5 |     8 |       ||    13
       Ignite Poison     |       |       |     3 |     6 |     1 ||    10
       Olgreb's Toxic Ra |       |       |     1 |    19 |       ||    20
Invok: Bend Space        |       |       |       |     1 |       ||     1
Evoke: Wand              |       |       |     3 |     5 |       ||     8
  Use: Potion            |       |     2 |     1 |     2 |     1 ||     6
       Scroll            |       |     9 |     1 |    13 |       ||    23
 Stab: Sleeping          |       |     2 |     9 |     4 |       ||    15
       Confused          |       |       |     2 |     6 |       ||     8
       Distracted        |       |       |     1 |       |       ||     1
Armor: Robe              |     5 |    23 |    12 |       |       ||    40
       Leather armour    |       |       |    52 |    36 |       ||    88
       Steam dragon scal |       |       |       |    29 |       ||    29
Dodge: Dodged            |    30 |    78 |   180 |   291 |     3 ||   582
Block: Buckler           |       |       |       |   132 |     1 ||   133
       Reflection        |       |       |       |     3 |       ||     3
